Map: Echo LE (Void)

Players

KingTesla (Rob)

  • Race: Protoss Protoss
  • League: Grandmaster
  • Spawn Location: 5:00

llllllllllll - Winner!

  • Race: Terran Terran
  • League: Grandmaster
  • Spawn Location: 11:00

VOD

Have the link to the VOD?

Description

Time

  • Played on: Jan. 11, 2017, 12:50 a.m.
  • Length: 8:41
Show
View Real Time Build Order
Export as new Build Order

KingTesla Protoss 

Build Orders: 1 Gate Expand 

Get SALT Encoding   

  12  0:08  Probe (Chrono Boost)  
  13  0:17  Pylon  
  13  0:19  Probe (Chrono Boost)  
  14  0:29  Probe (Chrono Boost)  
  15  0:36  Gateway  
  15  0:40  Probe (Chrono Boost)  
  16  0:43  Assimilator  
  16  0:50  Probe (Chrono Boost)  
  17  1:01  Probe (Chrono Boost)  
  18  1:12  Probe (Chrono Boost)  
  19  1:25  Nexus  
  19  1:27  Probe (Chrono Boost)  
  20  1:37  Probe (Chrono Boost)  
  21  1:46  Cybernetics Core  
  21  1:48  Probe (Chrono Boost)  
  21  1:50  Assimilator  
  22  1:55  Pylon  
  22  1:58  Probe (Chrono Boost)  
  23  2:13  Probe (Chrono Boost)  
  24  2:23  Adept  
  24  2:24  Mothership Core (Chrono Boost)  
  24  2:27  Warp Gate  
  28  2:43  Probe x2 (Chrono Boost)  
  30  2:54  Probe x2 (Chrono Boost)  
  32  3:03  Gateway x2  
  32  3:04  Probe (Chrono Boost)  
  33  3:10  Probe (Chrono Boost)  
  34  3:15  Probe (Chrono Boost)  
  35  3:20  Probe (Chrono Boost)  
  35  3:22  Stargate  
  35  3:25  Probe (Chrono Boost)  
  37  3:31  Probe (Chrono Boost)  
  36  3:36  Pylon, Stalker  
  36  3:37  Probe (Chrono Boost)  
  39  3:42  Probe (Chrono Boost)  
  39  3:47  Probe (Chrono Boost)  
  41  3:48  Pylon  
  41  3:54  Pylon, Probe (Chrono Boost)  
  42  3:57  Assimilator  
  42  4:00  Oracle, Probe (Chrono Boost)  
  43  4:06  Probe (Chrono Boost)  
  47  4:14  Probe (Chrono Boost)  
  49  4:18  Probe (Chrono Boost)  
  49  4:20  Robotics Facility  
  49  4:26  Pylon  
  47  4:35  Probe x2 (Chrono Boost)  
  45  4:39  Stalker x3  
  50  4:48  Probe x2 (Chrono Boost)  
  50  4:49  Phoenix  
  50  4:51  Assimilator  
  54  4:58  Probe x2 (Chrono Boost)  
  56  5:03  Sentry  
  58  5:09  Probe (Chrono Boost)  
  58  5:11  Phoenix  
  58  5:12  Probe (Chrono Boost)  
  62  5:24  Probe (Chrono Boost)  
  62  5:26  Probe (Chrono Boost)  
  64  5:29  Adept x3  
  64  5:30  Immortal  
  74  5:41  Probe (Chrono Boost)  
  74  5:42  Phoenix  
  73  5:43  Probe (Chrono Boost)  
  75  5:51  Adept  
  75  5:55  Twilight Council  
  75  5:56  Forge  
  77  5:59  Pylon  
  77  6:12  Immortal  
  77  6:14  Phoenix  
  77  6:17  Adept  
  85  6:22  Pylon  
  85  6:24  Protoss Ground Weapons Level 1  
  85  6:27  Resonating Glaives  
  85  6:38  Pylon  
  85  6:40  Pylon  
  85  6:41  Adept x3  
  91  6:49  Probe (Chrono Boost)  
  68  7:03  Adept x3  
  68  7:13  Phoenix  
  68  7:14  Immortal  
  74  7:16  Gateway  
  74  7:18  Gateway  
  74  7:23  Adept  
  74  7:24  Adept x2  
  80  7:50  Adept x3  
  84  7:51  Phoenix  
  84  8:05  Pylon x2  
  84  8:07  Pylon  
  84  8:15  Stalker x2  
  84  8:16  Stalker  
  56  8:28  Probe x2 (Chrono Boost)  
Show
View Real Time Build Order
Export as new Build Order

llllllllllll Terran - Winner!

Build Orders: Reaper Expand, MMM Bio 

Get SALT Encoding   

  12  0:00  SCV  
  13  0:13  SCV  
  14  0:17  Supply Depot  
  14  0:25  SCV  
  15  0:29  Refinery  
  15  0:39  SCV  
  16  0:44  Barracks  
  16  0:51  SCV  
  17  1:03  SCV  
  18  1:15  SCV  
  19  1:31  Reaper, Orbital Command  
  20  1:46  Command Center  
  20  1:53  Factory  
  20  1:58  SCV  
  21  2:02  Refinery  
  21  2:07  Barracks Reactor  
  21  2:10  SCV  
  21  2:14  Supply Depot  
  22  2:22  SCV  
  23  2:35  SCV  
  24  2:41  Starport, Widow Mine  
  24  2:43  Marine x2  
  28  2:48  SCV  
  29  2:59  Orbital Command  
  29  3:00  SCV  
  29  3:02  Marine x2  
  32  3:17  SCV  
  32  3:19  Widow Mine  
  33  3:20  Marine, Medivac  
  33  3:21  Marine  
  33  3:25  SCV  
  40  3:29  SCV  
  40  3:30  Supply Depot  
  41  3:37  SCV  
  42  3:41  SCV, Barracks  
  42  3:42  Marine  
  42  3:43  Marine  
  45  3:49  Factory Tech Lab  
  45  3:50  Starport Tech Lab  
  45  3:53  SCV  
  45  3:54  SCV  
  47  3:58  Supply Depot  
  47  4:01  Engineering Bay  
  47  4:02  Marine x2  
  47  4:07  SCV x2  
  51  4:13  Siege Tank  
  54  4:18  Refinery  
  54  4:19  Starport Reactor  
  52  4:33  Marine x2  
  52  4:34  SCV  
  52  4:35  SCV  
  52  4:38  Barracks  
  55  4:47  Siege Tank  
  55  4:48  Stimpack  
  55  4:49  Marauder  
  55  4:50  SCV x2  
  55  4:51  Terran Infantry Weapons Level 1  
  54  4:55  Refinery  
  54  4:59  Marine  
  54  5:00  Marine  
  54  5:03  SCV  
  54  5:04  SCV  
  58  5:07  Supply Depot  
  58  5:13  Missile Turret  
  58  5:16  Missile Turret  
  58  5:17  SCV x2  
  59  5:26  Marine x2  
  61  5:29  SCV x2, Medivac, Marauder  
  61  5:32  Medivac, Factory Reactor  
  61  5:34  Combat Shields  
  68  5:41  SCV x2  
  67  5:46  Supply Depot  
  67  5:47  Marine x2  
  69  5:52  Supply Depot  
  69  5:54  SCV  
  70  6:00  Supply Depot  
  70  6:08  Medivac x2, Marauder x2  
  78  6:14  Marine x2, SCV x2  
  78  6:15  Supply Depot  
  82  6:21  Widow Mine  
  82  6:22  Widow Mine  
  82  6:24  Liberator x2  
  86  6:26  SCV x2, Supply Depot  
  86  6:31  Marauder x2  
  92  6:34  Marine x2  
  94  6:45  SCV x2, Supply Depot  
  102  6:49  Supply Depot  
  90  7:04  Marine x2, Marauder x2  
  94  7:09  Concussive Shells  
  94  7:10  Widow Mine x2  
  94  7:11  SCV x2  
  100  7:22  Marine x2  
  102  7:25  Marauder  
  102  7:26  Marauder  
  102  7:28  Medivac x2  
  109  7:40  Command Center  
  109  7:44  Marine x2  
  110  7:53  Marauder x2  
  113  8:01  Marine  
  113  8:02  Marine  
  115  8:06  SCV, Widow Mine x2  
  115  8:07  SCV  
  121  8:15  Marauder x2  
  121  8:19  Marine x2  
Tags
 
Add a new tag
Caveats
  • Supply blocks, unpowered buildings, or Contaminate may cause inaccurate times.
  • Supply counts are checked every 10 seconds.